 Dungeon Crawl Stone Soup version 0.22.0-60-ga52c2fcf6e (webtiles) character file.

45 MaCx the Sneak (level 3, -3/16 HPs)
             Began as a Spriggan Enchanter on Sept 10, 2018.
             Slain by a hobgoblin
             ... wielding a +0 club
              (7 damage)
             ... on level 2 of the Dungeon.
             The game lasted 00:12:05 (2971 turns).

MaCx the Sneak (Spriggan Enchanter)                 Turns: 2971, Time: 00:12:06

Health: -3/16      AC:  2    Str:  5    XL:     3   Next: 42%
Magic:  8/8        EV: 18    Int: 16    God:
Gold:   91         SH:  0    Dex: 16    Spells: 4/7 levels left

rFire    . . .     SeeInvis +   a - +1 dagger
rCold    . . .     Gourm    .   (shield restricted)
rNeg     . . .     Faith    .   b - +0 robe
rPois    .         Spirit   .   (helmet restricted)
rElec    .         Reflect  .   (no cloak)
rCorr    .         Harm     .   (gloves unavailable)
MR       .....                  (boots unavailable)
Stlth    +++.......             (no amulet)
HPRegen  0.05/turn              (no ring)
MPRegen  0.11/turn              (no ring)

@: very quick
A: very small, unfitting armour, see invisible, herbivore, speed 3, slow
metabolism 2
a: no special abilities


You were on level 2 of the Dungeon.
You were very hungry.

You visited 1 branch of the dungeon, and saw 2 of its levels.

You collected 91 gold pieces.

Inventory:

Hand Weapons
 a - a +1 dagger (weapon)
 i - a +0 hunting sling
Missiles
 k - 19 poisoned needles
 s - 6 needles of sleeping
Armour
 b - a +0 robe (worn)
 c - a cursed +0 buckler
 l - a +0 leather armour
Jewellery
 o - an uncursed amulet of faith {unknown}
 p - an uncursed amulet of harm {unknown}
Scrolls
 e - 4 scrolls of identify {unknown}
 f - a scroll of magic mapping {unknown}
 g - 2 scrolls of teleportation {unknown}
 h - a scroll of remove curse {unknown}
 j - a scroll of fear {unknown}
 n - a scroll of enchant weapon {unknown}
 t - a scroll of immolation {unknown}
 u - a scroll of blinking {unknown}
Potions
 m - a potion of might {unknown}
 q - 2 potions of cancellation {unknown}
 r - a potion of curing {unknown}
 v - a potion of haste {unknown}
Comestibles
 d - 3 rations


   Skills:
 + Level 2.5 Short Blades
 - Level 3.0 Dodging
 + Level 5.6 Stealth
 - Level 2.6 Spellcasting
 + Level 4.0 Hexes


You had 4 spell levels left.
You knew the following spells:

 Your Spells              Type           Power        Failure   Level  Hunger
a - Corona                Hex            ##.....      3%          1    #......
b - Ensorcelled Hibernat  Hex/Ice        #.....       13%         2    ##.....

Your spell library contained the following spells:

 Spells                   Type           Power        Failure   Level  Hunger
 Confuse                  Hex            ##......     11%         3    ###....
 Tukima's Dance           Hex            ##......     11%         3    ###....
 Dazzling Spray           Conj/Hex       #.....       26%         3    ###....


Dungeon Overview and Level Annotations

Branches:
Dungeon (2/15)

Altars:
Fedhas
Qazlal


Innate Abilities, Weirdness & Mutations

You are very small and have problems with some larger weapons.
You are too small for most types of armour.
You have supernaturally acute eyesight. (SInv)
You are a herbivore.
You cover ground extremely quickly.
You need to consume almost no food.


Message History

The hobgoblin is severely wounded.
You hit the hobgoblin.
The hobgoblin is almost dead.
The hobgoblin misses you.
You closely miss the hobgoblin.
The hobgoblin is severely wounded.
The hobgoblin completely misses you.
You completely miss the hobgoblin.
The hobgoblin is severely wounded.
The hobgoblin hits you with a club.
* * * LOW HITPOINT WARNING * * *
You hit the hobgoblin.
The hobgoblin is almost dead.
The hobgoblin completely misses you.
You barely miss the hobgoblin.
The hobgoblin is almost dead.
You completely miss the hobgoblin.
The hobgoblin is almost dead.
The hobgoblin hits you with a club!
You die...

.#.##.......#
.#.####..####
.........##########
^.≈.##.............
.#.#.#.............
≈###.##..##############
.#^#.+.................
^≈..§.##..#####..#####
.(....##..## #.@#
.≈≈^(####..# #.g#
..##.# #..# #..#
...#^#####.####..#
.##..........[...#
^....#####..###.....
.###.# #..# ###### .#
#.######.## .#
#........>#


You could see a hobgoblin.

Vanquished Creatures
  An ooze (D:1)
  3 dart slugs
  5 giant cockroaches
  5 goblins
  3 hobgoblins
  A jackal (D:2)
  4 bats
  2 frilled lizards
  4 kobolds
  5 rats
33 creatures vanquished.

Notes
Turn   | Place    | Note
-------+----------+-------------------------------------------
     0 | D:1      | MaCx the Spriggan Enchanter began the quest for the Orb.
     0 | D:1      | Reached XP level 1. HP: 9/9 MP: 5/5
    97 | D:1      | Reached skill level 5 in Stealth
    97 | D:1      | Reached XP level 2. HP: 13/13 MP: 6/6
   656 | D:1      | Learned a level 2 spell: Ensorcelled Hibernation
  1898 | D:2      | Reached XP level 3. HP: 16/16 MP: 2/8
  1960 | D:2      | Found a blossoming altar of Fedhas.
  2286 | D:2      | Found a stormy altar of Qazlal.
  2971 | D:2      | Slain by a hobgoblin

Skill      XL: |  1  2  3 |
---------------+----------+-----
Stealth        | 5 |  5.6
Short Blades   | 2 |  2.5
Hexes          | 4 |  4.0
Dodging        | |  3.0
Spellcasting   | |  2.6

Action                   || total
-------------------------++-------
Melee: Dagger            ||   115
 Cast: Ensorcelled Hiber ||    20
 Stab: Sleeping          ||    21
Armor: Robe              ||     8
Dodge: Dodged            ||    85
